 Dungeon Crawl Stone Soup version 0.32-a0-876-gcfddb08 (webtiles) character file.

Game seed: 5792364268268571791

2136 godgameSPD the Skirmisher (level 9, -1/64 HPs)
             Began as a Coglin Hunter on Apr 1, 2024.
             Was a Priest of Okawaru.
             Shot with a sling bullet by Joseph (2 damage)
             ... on level 7 of the Dungeon.
             The game lasted 00:11:05 (5151 turns).

godgameSPD the Skirmisher (Coglin Hunter)           Turns: 5151, Time: 00:11:05

Health: -1/64      AC:  7    Str:  7    XL:     9   Next: 30%
Magic:  10/10      EV: 13    Int: 12    God:    Okawaru [***...]
Gold:   259        SH:  0    Dex: 24    Spells: 8/8 levels left

rFire   . . .        a - +3 sling {Kanchana}
rCold   + . .        d - +0 sling {Teicuih}
rNeg    . . .        y - +1 robe of True Grit {rC+ Str-4 Int+3 Dex+2}
rPois   .            k - +2 helmet {SInv}
rElec   .            q - +0 cloak
rCorr   .            (no gloves)
SInv    +            (no boots)
Will    .....        (amulet unavailable)
Stlth   +++          (ring unavailable)
HPRegen 0.30/turn    (ring unavailable)
MPRegen 0.12/turn    (no gizmo)

%: no passive effects
@: revved
A: off-hand wielding, slow wielding, warmup strikes, no jewellery
a: Invent Gizmo, Renounce Religion, Heroism


You were on level 7 of the Dungeon.
You worshipped Okawaru.
Okawaru was most pleased with you.
You visited 2 branches of the dungeon, and saw 8 of its levels.

You collected 391 gold pieces.
You spent 132 gold pieces at shops.

Inventory:

Hand Weapons
 a - a +3 sling (weapon) {Kanchana}
 d - a +0 sling (offhand) {Teicuih}
Armour
 k - a +2 helmet of see invisible (worn)
 q - a +0 cloak (worn)
 u - a +1 leather armour
 y - the +1 robe of True Grit (worn) {rC+ Str-4 Int+3 Dex+2}
   (You took it off a wight on level 7 of the Dungeon)

   Str-4:     It affects your strength (-4).
   Int+3:     It affects your intelligence (+3).
   Dex+2:     It affects your dexterity (+2).
   rC+:       It protects you from cold.
Wands
 h - a wand of flame (40)
 i - a wand of warping (10)
 v - a wand of mindburst (4)
Scrolls
 b - 2 scrolls of butterflies
 l - 5 scrolls of enchant armour
 n - a scroll of revelation
 o - a scroll of immolation
 p - 5 scrolls of blinking
 r - 3 scrolls of teleportation
 t - a scroll of poison
 w - a scroll of vulnerability
 x - a scroll of identify
Potions
 c - a potion of enlightenment
 e - a potion of heal wounds
 f - a potion of invisibility
 g - 2 potions of haste
 j - 4 potions of curing
 m - a potion of might
 s - a potion of lignification


   Skills:
 + Level 3.5 Fighting
 * Level 10.0 Ranged Weapons
 + Level 2.3 Armour
 + Level 3.0 Dodging
 + Level 2.5 Stealth
 - Level 2.0 Invocations


You had 8 spell levels left.
You didn't know any spells.
Your spell library contained the following spells:

 Spells                   Type           Power      Damage    Failure   Level
 Teleport Other           Tloc           0%         N/A       69%         3
 Leda's Liquefaction      Alch/Erth      0%         N/A       97%         4
 Petrify                  Alch/Erth      0%         N/A       97%         4
 Metabolic Englaciation   Hex/Ice        0%         N/A       100%        5
 Dispersal                Tloc           0%         N/A       100%        6
 Gell's Gavotte           Tloc           0%         2d(11-16) 100%        6


Dungeon Overview and Level Annotations

Branches:
Dungeon (7/15)             Temple (1/1) D:4

Altars:
Ashenzari
Cheibriados
Dithmenos
Elyvilon
Fedhas
Gozag
Hepliaklqana
Kikubaaqudgha
Makhleb
Nemelex Xobeh
Okawaru
Qazlal
Ru
Sif Muna
Trog
Vehumet
Wu Jian
Xom
Yredelemnul
Zin
The Shining One

Shops:
D:3 [   D:4 ?   D:6 ?

Annotations:
D:7 Joseph


Innate Abilities, Weirdness & Mutations

You can wield a second weapon in your off-hand.
It takes a long time for you to wield or remove held weapons.
Your first few attacks do less damage.
You cannot equip rings or amulets.


Message History

Joseph is lightly wounded.
Unknown command.
No target in view!
No target in view!
Unknown command.
No target in view!
Unknown command.
Okay, then.
Joseph shoots a sling bullet.
The sling bullet misses you.
You shoot a sling bullet. The sling bullet hits Joseph.
Joseph is moderately wounded.
You shoot a sling bullet. The sling bullet hits Joseph.
Joseph is moderately wounded.
Joseph shoots a sling bullet.
The sling bullet hits you! The sling bullet burns you.
You are too injured to fight recklessly!
You are too injured to fight recklessly!
You are too injured to fight recklessly!
Unknown command.
Fire: a) +3 sling {Kanchana}
Press: ? - help, Shift-Dir - straight line, f/p - Joseph
Aim: Joseph, wielding a +2 sling of flaming and wearing a +0 leather armour (moderately wounded, 71% to hit)
You shoot a sling bullet. The sling bullet hits Joseph.
Joseph is moderately wounded.
You shoot a sling bullet. The sling bullet hits Joseph!
Joseph is heavily wounded.
Joseph shoots a sling bullet.
The sling bullet hits you!
* * * LOW HITPOINT WARNING * * *
The sling bullet burns you.
* * * LOW HITPOINT WARNING * * *
Fire: a) +3 sling {Kanchana}
Press: ? - help, Shift-Dir - straight line, f/p - Joseph
Aim: Joseph, wielding a +2 sling of flaming and wearing a +0 leather armour (heavily wounded, 71% to hit)
You shoot a sling bullet. The sling bullet barely misses Joseph.
You shoot a sling bullet. The sling bullet hits Joseph.
Joseph is heavily wounded.
Joseph shoots a sling bullet.
The sling bullet hits you!
* * * LOW HITPOINT WARNING * * *
The sling bullet burns you.
You die...

#.......#
#.......#
#.......# ####
#..<.@?.#
#.......#.......##
#.......#..#......
#.......#.#.....<.
#.......#.@.#
#.......#.###
#.........#####..
................#
.................
#.......##..#...#
..#.##..##....#.#
.. .. #..)#.#.##..
.. #
##..#).......#


You could see Joseph.

Vanquished Creatures
  Duvessa (D:7)
  2 water moccasins (D:5)
  A sky beast (D:7)
  A black bear (D:6)
  3 ice beasts
  An ogre (D:5)
  A centaur (D:4)
  A phantom (D:5)
  A kobold brigand (D:7)
  3 bullfrogs
  2 scorpions (D:6)
  3 wights (D:7)
  Dowan (D:7)
  2 howler monkeys
  A bombardier beetle (D:4)
  Crazy Yiuf (D:3)
  2 sleepcaps
  3 iguanas
  2 orc wizards
  Robin (D:3)
  A gnoll (D:1)
  6 adders
  2 shadow imps
  A white imp (D:5)
  2 ufetubi (D:7)
  2 ribbon worms
  3 dart slugs
  21 orcs
  3 bats
  5 endoplasms
  3 giant cockroaches
  15 goblins
  19 hobgoblins
  3 jackals (D:3)
  4 quokkas
  6 ball pythons
  3 frilled lizards
  12 kobolds
  5 rats (D:1)
149 creatures vanquished.

Notes
Turn   | Place    | Note
-------+----------+-------------------------------------------
     0 | D:1      | godgameSPD the Coglin Hunter began the quest for the Orb.
     0 | D:1      | Reached XP level 1. HP: 16/16 MP: 1/1
   229 | D:1      | Reached skill level 4 in Ranged Weapons
   229 | D:1      | Reached XP level 2. HP: 22/22 MP: 2/2
   288 | D:1      | Reached XP level 3. HP: 27/27 MP: 3/3
  1082 | D:2      | Identified the +4 spear of Kismet {flame, rElec rF- Str+5}
  1254 | D:2      | Reached skill level 5 in Ranged Weapons
  1254 | D:2      | Reached XP level 4. HP: 33/33 MP: 4/4
  1330 | D:3      | Noticed Robin
  1352 | D:3      | Killed Robin
  1456 | D:3      | Found Fuutom's Armour Shoppe.
  1503 | D:3      | Found a runed translucent door.
  1504 | D:3      | Noticed Crazy Yiuf
  1804 | D:3      | Reached XP level 5. HP: 38/38 MP: 5/5
  1944 | D:3      | HP: 1/38 [Crazy Yiuf/+4 quarterstaff of chaos (10)]
  1945 | D:3      | Killed Crazy Yiuf
  2149 | D:4      | Reached skill level 6 in Ranged Weapons
  2180 | D:4      | Found a staircase to the Ecumenical Temple.
  2192 | Temple   | Entered the Ecumenical Temple
  2247 | Temple   | Became a worshipper of Warmaster Okawaru
  2325 | D:4      | Reached XP level 6. HP: 44/44 MP: 6/6
  2355 | D:4      | Found Juduumax's Magic Scroll Shoppe.
  2365 | D:4      | Bought a scroll of identify for 20 gold pieces
  2365 | D:4      | Bought a scroll of teleportation for 30 gold pieces
  2527 | D:4      | Identified the +9 short sword of Koiniergh {freeze, Fly
                  | rElec rF+ Int-3}
  2532 | D:4      | Identified the +0 chain mail of Levity {Dex+3}
  2718 | D:4      | Reached skill level 7 in Ranged Weapons
  2895 | D:5      | Entered Level 5 of the Dungeon
  2904 | D:5      | Reached XP level 7. HP: 50/50 MP: 7/7
  2923 | D:5      | Reached * piety under Okawaru
  2924 | D:5      | Reached skill level 8 in Ranged Weapons
  2967 | D:4      | Found Juduumax's Magic Scroll Shoppe.
  2982 | D:4      | Found a staircase to the Ecumenical Temple.
  3433 | D:5      | Reached XP level 8. HP: 56/56 MP: 8/8
  3505 | D:5      | Reached skill level 9 in Ranged Weapons
  3981 | D:6      | Reached ** piety under Okawaru
  4041 | D:6      | Reached skill level 1 in Stealth
  4130 | D:6      | Reached skill level 1 in Armour
  4249 | D:6      | Reached skill level 1 in Invocations
  4309 | D:6      | Found Yschypof's Magic Scroll Boutique.
  4314 | D:6      | Bought a scroll of blinking for 82 gold pieces
  4891 | D:7      | Reached XP level 9. HP: 55/63 MP: 10/10
  4905 | D:7      | Reached *** piety under Okawaru
  5031 | D:7      | Identified the +1 robe of True Grit {rC+ Str-4 Int+3 Dex+2}
  5100 | D:7      | Noticed Dowan
  5101 | D:7      | Noticed Duvessa
  5109 | D:7      | Killed Duvessa
  5110 | D:7      | Reached skill level 10 in Ranged Weapons
  5115 | D:7      | Killed Dowan
  5141 | D:7      | Noticed Joseph
  5151 | D:7      | HP: 1/64 [Joseph/sling bullet (8)]
  5151 | D:7      | Shot with a sling bullet by Joseph

Illustrated notes

Levels and vault maps discovered:
D:1:      giann_horns, layout_basic, hangedman_decor_diamond_cutter,
          minmay_pentomino_x4
D:2:      layout_rooms, supply_closet_lemuel
D:3:      layout_basic, serial_shops, nicolae_shop_just_a_little_nook,
          st_stairs_14, kennysheep_cross_room, uniq_crazy_yiuf_cottage,
          uniq_robin
D:4:      layout_basic, minmay_temple_entry_grid, serial_shops, shop,
          st_stairs_5, chequers_serial_rivers_small_a
D:5:      layout_basic, serial_curves, eino_curves_04, eino_curves_02
D:6:      layout_gridville, serial_shops, shop
D:7:      layout_rooms, nicolae_uskayaw_en_pointe, uniq_duvessa, uniq_joseph
Temple:   mainiacjoe_temple_starburst

Skill      XL: |  1  2  3  4  5  6  7  8  9 |
---------------+----------------------------+-----
Ranged Weapons | 4 5 6 7 8 9 10 | 10.0
Stealth        | 2 |  2.5
Dodging        | 2 3 |  3.0
Armour         | 1 2 |  2.3
Invocations    | 1 2 |  2.0
Fighting       | 3 |  3.5

Action                     |  1- 3 |  4- 6 |  7- 9 || total
---------------------------+-------+-------+-------++-------
   Fire: Sling             |   138 |   278 |   432 ||   848
    Use: Scroll            |       |     4 |    12 ||    16
 Armour: Leather armour    |     4 |    32 |    33 ||    69
         Chain mail        |       |    31 |     3 ||    34
         Robe              |       |       |    14 ||    14
  Dodge: Dodged            |    10 |    17 |    44 ||    71

Table legend: (Time is in decaauts)
 A = Elapsed time spent in this place.
 B = Non-inter-level travel time spent in this place.
 C = Inter-level travel time spent in this place.
 D = Time resting spent in this place.
 E = Time spent auto-exploring this place.
 F = Levels seen in this place.
 G = Mean time per level.
                   A        B        C        D        E       F      G
               +--------+--------+--------+--------+--------+-----+--------+
         Total |   5199 |   4887 |    312 |    234 |   3805 |   8 |  649.9 |
       Dungeon |   5091 |   4886 |    205 |    234 |   3805 |   7 |  727.3 |
        Temple |    108 |      2 |    106 |      0 |      0 |   1 |  108.0 |
               +--------+--------+--------+--------+--------+-----+--------+

Top non-repeatable levels by time:
     D:4: 1173 daAuts
     D:3: 881 daAuts
     D:1: 873 daAuts
     D:6: 848 daAuts
     D:5: 560 daAuts
     D:2: 408 daAuts
     D:7: 344 daAuts
  Temple: 108 daAuts
